 Dungeon Crawl Stone Soup version 0.26-a0-667-g92642533e4 (webtiles) character file.

Game seed: 11451869114810841965

19394 vortex the Thaumaturge (level 12, -11/76 HPs)
             Began as a Deep Elf Fire Elementalist on Oct 16, 2020.
             Was a High Priest of Vehumet.
             Killed from afar by Azrael (54 damage)
             ... with damnation
             ... on level 12 of the Dungeon on Oct 17, 2020.
             The game lasted 01:54:56 (18198 turns).

vortex the Thaumaturge (DEFE)                      Turns: 18198, Time: 01:54:57

Health: -11/76     AC: 13    Str:  5    XL:     12   Next: 36%
Magic:  37/37      EV: 17    Int: 26    God:    Vehumet [*****.]
Gold:   141        SH:  5    Dex: 15    Spells: 11/31 levels left

rFire    + + .     SeeInvis .   b - +2 short sword (speed)
rCold    . . .     Faith    .   H - +0 buckler
rNeg     + + .     Spirit   .   L - +2 leather armour "Hoxkaeg" {rPois rN++}
rPois    +         Reflect  .   w - +2 hat
rElec    +         Harm     .   a - +0 cloak (curse)
rCorr    +         Rampage  .   m - +1 pair of gloves
MR       +....                  K - +2 pair of boots
Stlth    ++........             (no amulet)
HPRegen  0.22/turn              z - ring of fire
MPRegen  0.25/turn              O - ring of magical power

@: resistant, hasted, very quick
A: no striking features
a: Renounce Religion


You were on level 12 of the Dungeon.
You worshipped Vehumet.
Vehumet was extremely pleased with you.
You visited 1 branch of the dungeon, and saw 14 of its levels.
You also visited: Ossuary.

You collected 943 gold pieces.
You spent 802 gold pieces at shops.

Inventory:

Hand Weapons
 b - a +2 short sword of speed (weapon)
Missiles
 r - 43 poisoned darts (quivered)
 y - 93 stones
Armour
 a - a cursed +0 cloak (worn)
 m - a +1 pair of gloves (worn)
 w - a +2 hat (worn)
 H - a +0 buckler (worn)
 K - a +2 pair of boots (worn)
 L - the +2 leather armour "Hoxkaeg" (worn) {rPois rN++}
   (You found it on level 11 of the Dungeon)

   It protects you from poison.
   It greatly protects you from negative energy.
Jewellery
 z - a ring of fire (left hand)
 O - a ring of magical power (right hand)
Wands
 e - a wand of enslavement (9)
 p - a wand of paralysis (5)
 J - a wand of flame (36)
 N - a wand of acid (3)
Scrolls
 c - a scroll of torment
 g - 5 scrolls of enchant weapon
 h - 3 scrolls of enchant armour
 k - 5 scrolls of remove curse
 q - a scroll of immolation
 B - 3 scrolls of fog
 C - 4 scrolls of magic mapping
 D - 2 scrolls of holy word
 I - 3 scrolls of amnesia
Potions
 d - a potion of mutation
 f - 5 potions of lignification
 j - a potion of heal wounds
 l - 4 potions of invisibility
 n - 2 potions of resistance
 o - 3 potions of stabbing
 s - 9 potions of curing
 u - 4 potions of flight
 v - 3 potions of ambrosia {unknown}
 x - a potion of brilliance
 A - 3 potions of might
 E - a potion of haste
 F - 3 potions of berserk rage
 G - 5 potions of cancellation
 M - 3 potions of magic
Miscellaneous
 t - a tin of tremorstones (3/3)


   Skills:
 * Level 9.1 Fighting
 + Level 9.5 Dodging
 - Level 2.4 Stealth
 - Level 4.0 Shields
 + Level 10.1 Spellcasting
 + Level 9.1 Conjurations
 + Level 9.0 Fire Magic
 + Level 7.6 Earth Magic


You had 11 spell levels left.
You knew the following spells:

 Your Spells              Type           Power        Failure   Level
a - Foxfire               Conj/Fire      ####         1%          1
c - Sticky Flame          Conj/Fire      ######..     1%          4
d - Mephitic Cloud        Conj/Pois/Air  ####....     1%          3
e - Starburst             Conj/Fire      ######....   8%          6
f - Fireball              Conj/Fire      ######....   1%          5
i - Sandblast             Erth           ######       1%          1

Your spell library contained the following spells:

 Spells                   Type           Power        Failure   Level
 Ozocubu's Refrigeration  Ice            ##........   94%         6
 Shock                    Conj/Air       ####         1%          1
 Conjure Flame            Conj/Fire      ######..     1%          3
 Inner Flame              Hex/Fire       ######..     1%          3
 Static Discharge         Conj/Air       #####...     1%          3
 Lightning Bolt           Conj/Air       #####.....   9%          5
 Swiftness                Air            ##......     12%         2
 Airstrike                Air            ##........   19%         4


Dungeon Overview and Level Annotations

Branches:
Dungeon (14/15)            Temple (0/1) D:4            Lair (0/6) D:9
Ossuary (visited)
    Orc: D:9-12      Vaults: D:13-14

Altars:
Ashenzari
Cheibriados
Elyvilon
Hepliaklqana
Nemelex Xobeh
Okawaru
Ru
Trog
Vehumet
Zin
The Shining One
Beogh

Shops:
D:4 !=   D:8 *

Annotations:
D:5 2 transporters, GoodGuyCap's ghost, novice OpMo
D:6 fly
D:9 dig
D:12 Azrael


Message History

Confirm with . or Enter, or press ? or * to list all spells.
Aiming: Sandblast (safe; 1% risk of failure)
Press: ? - help, Shift-Dir - straight line, f/p - hell hound
Aim: a hell hound (severely wounded)
The blast of sand hits the hell hound!
You kill the hell hound!
Vehumet accepts your kill.
You feel your power returning.
y - 93 stones Evoke which item? (* to show all) (? for menu, Esc to quit)
Okay, then.
You feel yourself speed up. Azrael gestures at you.
The sphere of damnation explodes!
The damnation engulfs you!!
You hear a bark! x2
You feel protected. Azrael gestures at you.
The sphere of damnation explodes!
The damnation engulfs you!!!
Ouch! That really hurt!
You die...

####### #############
...h...###...........#
○.........°.#...........#
.....h..☼#R#...........#
.○E.○E..#†#...........#
....○..#@#........†..#
.(.....#.'...........#
.°R.°..###.....<.....+
####'### #.>.........#
#....# #########†###
##.#### ###.# #..# ##...#
#.## ###..### #.# #...##


You could see Azrael.

Vanquished Creatures
  Gastronok (D:8)
  Josephine (D:11)
  A boulder beetle (D:11)
  Harold (D:9)
  A death knight (D:11)
  A two-headed ogre (D:10)
  A deep troll earth mage (D:11)
  An ugly thing (D:11)
  Joseph (D:7)
  Maurice (D:8)
  A gargoyle (D:11)
  A freezing wraith (D:10)
  A troll (D:9)
  A vampire (D:10)
  8 wraiths
  A shadow (D:12)
  5 yaks (D:11)
  5 wyverns
  3 vampire mosquitoes (D:12)
  2 fire elementals (D:12)
  A soldier ant (D:11)
  An acid dragon (D:12)
  A hell hound (D:12)
  9 orc warriors
  2 black bears
  4 ice beasts
  3 sky beasts
  3 necrophages
  3 wolves (D:8)
  7 ogres
  A phantom (D:4)
  9 centaurs
  5 big kobolds
  6 bullfrogs
  A wyvern zombie (D:8)
  2 water moccasin zombies (Ossuary)
  A wyvern skeleton (D:7)
  7 scorpions
  A water moccasin skeleton (D:8)
  3 wights
  4 killer bees (D:11)
  5 howler monkeys
  8 electric eels
  A centaur zombie (D:9)
  14 hounds
  3 bullfrog zombies
  10 orc priests
  3 centaur skeletons
  3 jellies
  6 orc wizards
  A bullfrog skeleton (D:4)
  5 iguanas
  7 worker ants
  A big kobold zombie (Ossuary)
  3 hound skeletons
  3 mummies
  2 worker ant zombies (D:9)
  14 gnolls
  A howler monkey skeleton (D:4)
  13 adders
  A shadow imp (D:5)
  3 oozes
  An adder skeleton (D:7)
  8 adder zombies
  2 worms
  4 dart slugs
  6 leopard geckos
  55 orcs
  3 ball pythons
  11 bats
  3 giant cockroaches
  31 goblins
  34 hobgoblins
  10 jackals
  3 quokkas
  4 frilled lizards
  3 gnoll zombies (Ossuary)
  5 hobgoblin zombies (Ossuary)
  A jackal skeleton (D:7)
  19 kobolds
  A kobold zombie (Ossuary)
  5 orc zombies (Ossuary)
  5 rats
433 creatures vanquished.

Vanquished Creatures (others)
  1476 foxfires
1476 creatures vanquished.

Grand Total: 1909 creatures vanquished

Notes
Turn   | Place    | Note
-------+----------+-------------------------------------------
     0 | D:1      | vortex the Deep Elf Fire Elementalist began the quest for
                  | the Orb.
     0 | D:1      | Reached XP level 1. HP: 10/10 MP: 6/6
    63 | D:1      | Reached XP level 2. HP: 16/16 MP: 2/8
   453 | D:1      | Reached skill level 1 in Fighting
   573 | D:1      | Reached XP level 3. HP: 20/20 MP: 5/9
  1103 | D:2      | Found a radiant altar of Vehumet.
  1108 | D:2      | Became a worshipper of Vehumet
  1347 | D:2      | Noticed an ogre
  1357 | D:2      | Killed an ogre
  1357 | D:2      | Reached XP level 4. HP: 26/26 MP: 2/11
  1357 | D:2      | Reached XP level 5. HP: 30/30 MP: 2/12
  1723 | D:2      | Reached skill level 4 in Spellcasting
  1900 | D:2      | Found a snail-covered altar of Cheibriados.
  2094 | D:3      | Learned a level 4 spell: Sticky Flame
  2100 | D:3      | Learned a level 5 spell: Fireball
  2221 | D:3      | Found a hazy altar of Hepliaklqana.
  2221 | D:3      | Found a bloodstained altar of Trog.
  2221 | D:3      | Found a sacrificial altar of Ru.
  2221 | D:3      | Found a white marble altar of Elyvilon.
  2235 | D:3      | Found a broken altar of Ashenzari.
  2237 | D:3      | Found an iron altar of Okawaru.
  3207 | D:3      | Reached * piety under Vehumet
  3207 | D:3      | Offered knowledge of Sandblast by Vehumet.
  3382 | D:4      | Found Ceuts's Jewellery Shop.
  3458 | D:4      | Reached XP level 6. HP: 36/36 MP: 9/14
  3759 | D:4      | Learned a level 1 spell: Sandblast
  3989 | D:4      | Found Vanuav's Distillery.
  3997 | D:4      | Bought a potion of heal wounds for 60 gold pieces
  3997 | D:4      | Bought a potion of brilliance for 48 gold pieces
  3997 | D:4      | Bought a potion of degeneration for 12 gold pieces
  3997 | D:4      | Bought a potion of lignification for 36 gold pieces
  3998 | D:4      | Bought a potion of stabbing for 48 gold pieces
  4113 | D:4      | Found a staircase to the Ecumenical Temple.
  4147 | D:4      | Reached XP level 7. HP: 40/41 MP: 6/16
  4288 | D:4      | Found a sparkling altar of Nemelex Xobeh.
  4325 | D:5      | Entered Level 5 of the Dungeon
  4335 | D:5      | Reached skill level 1 in Earth Magic
  4411 | D:5      | Found a transporter.
  4553 | D:5      | Noticed GoodGuyCap's ghost (novice OpMo)
  4653 | D:5      | Reached skill level 5 in Spellcasting
  4914 | D:5      | Found a glowing golden altar of the Shining One.
  5342 | D:5      | Reached skill level 5 in Fire Magic
  5655 | D:5      | Found a transporter.
  5823 | D:6      | Reached XP level 8. HP: 48/48 MP: 11/17
  5952 | D:6      | Reached skill level 5 in Dodging
  5958 | D:6      | Reached skill level 5 in Conjurations
  6480 | D:6      | Found a sand-covered staircase.
  6487 | Ossuary  | Entered an ossuary
  6779 | Ossuary  | Reached ** piety under Vehumet
  6921 | Ossuary  | Offered knowledge of Searing Ray by Vehumet.
  7699 | D:6      | Offered knowledge of Stone Arrow by Vehumet.
  7704 | D:6      | Reached skill level 6 in Spellcasting
  7831 | D:6      | Reached *** piety under Vehumet
  8039 | D:6      | Reached skill level 5 in Fighting
  8107 | D:6      | Offered knowledge of Hailstorm by Vehumet.
  8475 | D:4      | Bought 2 potions of haste for 240 gold pieces
  8544 | D:7      | Reached XP level 9. HP: 54/54 MP: 20/20
  8843 | D:7      | Reached **** piety under Vehumet
  9461 | D:7      | Noticed Joseph
  9479 | D:7      | Killed Joseph
  9479 | D:7      | Reached skill level 1 in Shields
  9825 | D:8      | Reached skill level 7 in Spellcasting
  9835 | D:8      | Offered knowledge of Mephitic Cloud by Vehumet.
  9932 | D:8      | Noticed Gastronok
 10578 | D:8      | Found Gagiput's Assorted Antiques.
 10587 | D:8      | Bought a scroll of magic mapping for 94 gold pieces
 10587 | D:8      | Bought a scroll of identify for 54 gold pieces
 10603 | D:8      | Reached XP level 10. HP: 60/60 MP: 18/23
 10734 | D:8      | Noticed Maurice
 10747 | D:8      | Killed Maurice
 10806 | D:8      | Killed Gastronok
 10806 | D:8      | Reached skill level 8 in Spellcasting
 10806 | D:8      | Reached skill level 5 in Earth Magic
 11135 | D:8      | Learned a level 3 spell: Mephitic Cloud
 11159 | D:9      | Noticed Harold
 11466 | D:9      | Killed Harold
 11466 | D:9      | Reached ***** piety under Vehumet
 11466 | D:9      | Offered knowledge of Starburst by Vehumet.
 12020 | D:9      | Learned a level 6 spell: Starburst
 12024 | D:9      | Reached XP level 11. HP: 67/67 MP: 25/25
 12254 | D:9      | Found a glowing silver altar of Zin.
 12348 | D:9      | Found a staircase to the Lair.
 12726 | D:8      | Bought a scroll of identify for 54 gold pieces
 12831 | D:4      | Bought a potion of berserk rage for 60 gold pieces
 12963 | D:10     | Entered Level 10 of the Dungeon
 13181 | D:10     | Noticed a two-headed ogre
 13183 | D:10     | Killed a two-headed ogre
 14034 | D:11     | Noticed a death knight
 14364 | D:11     | Reached skill level 9 in Spellcasting
 14643 | D:11     | Killed a death knight
 15802 | D:11     | Found a roughly hewn altar of Beogh.
 16006 | D:11     | Got a heavily runed leather armour
 16017 | D:11     | Identified the +2 leather armour "Hoxkaeg" {rPois rN++}
                  | (You found it on level 11 of the Dungeon)
 16207 | D:4      | Bought a potion of invisibility for 96 gold pieces
 16419 | D:11     | Noticed a deep troll earth mage
 16421 | D:11     | Noticed a brown ugly thing
 16577 | D:11     | Killed a brown ugly thing
 16583 | D:11     | Killed a deep troll earth mage
 16584 | D:11     | Reached XP level 12. HP: 75/75 MP: 8/27
 16596 | D:11     | Noticed a boulder beetle
 16865 | D:11     | Killed a boulder beetle
 17151 | D:11     | You fall into a shaft and drop 3 floors!
 17207 | D:13     | Noticed a two-headed ogre
 17242 | D:12     | Offered knowledge of Ozocubu's Refrigeration by Vehumet.
 17646 | D:11     | Noticed Josephine
 17716 | D:11     | Killed Josephine
 17716 | D:11     | Reached skill level 10 in Spellcasting
 18037 | D:12     | Noticed Azrael
 18198 | D:12     | Killed from afar by Azrael

Illustrated notes

Levels and vault maps discovered:
D:1:      minmay_arrival_semitransparent, layout_loops_cross, st_stairs_12
D:2:      layout_rooms, lemuel_crystal_altar, nicolae_overflow_hidden_temple
D:3:      layout_loops_corners, minmay_overflow_temple_hex
D:4:      layout_basic, minmay_temple_entry_steel_oval, serial_shops,
          nicolae_shop_competitors_out_of_business,
          minmay_shop_enchanted_jewellery, nemelex_lonely_heart_becter
D:5:      layout_cave_pods, tso_metal_star, gammafunk_ghost_smash,
          kennysheep_generic_room_2
D:6:      minmay_goblin_kobold_castle, layout_basic, enter_ossuary_3,
          dk_noncrumbling_2
D:7:      layout_loops_ring, uniq_joseph
D:8:      layout_basic, serial_shops, shop_fountains, uniq_gastronok,
          uniq_maurice
D:9:      layout_cross, zin_scriptorium, erik_lair_island, serial_undead,
          serial_undead_b, serial_undead_d, serial_undead_f, serial_undead_d,
          uniq_harold
D:10:     layout_roguey
D:11:     layout_small_grid, special_room [special_room_orc],
          minmay_three_doors, uniq_josephine
D:12:     layout_roguey, orc_0_dummy, uniq_azrael
D:13:     layout_roguey, minmay_misc_feat_plants
D:14:     layout_rooms, david_vaults_2, serial_glass, glass_columns_b,
          glass_columns_a, ebering_dispersal_statue_hall,
          kennysheep_decorative_pillar

Skill      XL: |  1  2  3  4  5  6  7  8  9 10 11 12 |
---------------+-------------------------------------+-----
Fighting       | 1 2 3 5 6 7 8 9 |  9.1
Dodging        | 3 4 5 6 7 9 |  9.5
Conjurations   | 2 3 4 5 6 7 8 9 |  9.1
Fire Magic     | 4 5 6 7 8 9 |  9.0
Spellcasting   | 4 5 6 7 8 9 10 | 10.1
Earth Magic    | 2 3 4 5 7 |  7.6
Shields        | 1 3 4 |  4.0
Stealth        | |  2.4

Action                   |  1- 3 |  4- 6 |  7- 9 | 10-12 || total
-------------------------+-------+-------+-------+-------++-------
Melee: Short sword       |     2 |     4 |    11 |       ||    17
Throw: Dart              |       |     6 |     6 |     5 ||    17
 Cast: Foxfire           |    76 |   131 |   442 |   204 ||   853
       Sticky Flame      |       |       |    18 |    32 ||    50
       Fireball          |       |       |       |   127 ||   127
       Sandblast         |       |       |       |     8 ||     8
Evoke: Wand              |       |       |     1 |     4 ||     5
  Use: Scroll            |       |     3 |     4 |    14 ||    21
       Potion            |       |       |     6 |     9 ||    15
 Stab: Sleeping          |       |     1 |     2 |       ||     3
Armor: Robe              |     4 |     2 |    11 |     7 ||    24
       Leather armour    |       |       |       |    10 ||    10
Dodge: Dodged            |    14 |     8 |    64 |    68 ||   154
Block: Buckler           |       |       |       |    11 ||    11

Table legend: (Time is in decaauts)
 A = Elapsed time spent in this place.
 B = Non-inter-level travel time spent in this place.
 C = Inter-level travel time spent in this place.
 D = Time resting spent in this place.
 E = Time spent auto-exploring this place.
 F = Levels seen in this place.
 G = Mean time per level.
                   A        B        C        D        E       F      G
               +--------+--------+--------+--------+--------+-----+--------+
         Total |  18198 |  16392 |   1806 |   1743 |  11924 |  15 | 1213.2 |
       Dungeon |  17434 |  15628 |   1806 |   1375 |  11733 |  14 | 1245.3 |
       Ossuary |    764 |    764 |      0 |    368 |    191 |   1 |  764.0 |
               +--------+--------+--------+--------+--------+-----+--------+

Top non-repeatable levels by time:
    D:11: 2326 daAuts
     D:6: 2098 daAuts
    D:10: 1851 daAuts
     D:8: 1829 daAuts
     D:5: 1489 daAuts
     D:7: 1366 daAuts
     D:9: 1315 daAuts
     D:3: 1295 daAuts
     D:2: 1084 daAuts
     D:4: 1012 daAuts
     D:1: 985 daAuts
 Ossuary: 764 daAuts
    D:12: 717 daAuts
    D:13: 58 daAuts
    D:14: 2 daAuts
